 Dungeon Crawl Stone Soup version 0.23-a0-667-gc184e93 (webtiles) character file.

1425 galech the Chopper (level 8, 12/62 HPs)
             Began as a Demonspawn Fighter on Jan 8, 2019.
             Quit the game on level 3 of the Dungeon.
             The game lasted 00:04:33 (3605 turns).

galech the Chopper (Demonspawn Fighter)             Turns: 3605, Time: 00:04:34

Health: 12/62      AC: 10    Str: 16    XL:     8   Next: 44%
Magic:  8/8        EV: 11    Int: 10    God:
Gold:   157        SH:  9    Dex: 15    Spells: 7/7 levels left

rFire    . . .     SeeInvis .   a - +0 war axe
rCold    . . .     Gourm    .   c - +0 shield
rNeg     . . .     Faith    .   b - +0 scale mail
rPois    .         Spirit   .   h - +0 helmet
rElec    .         Reflect  .   (no cloak)
rCorr    .         Harm     .   (no gloves)
MR       .....                  t - +1 pair of boots
Stlth    ..........             (no amulet)
HPRegen  0.20/turn              (no ring)
MPRegen  0.11/turn              (no ring)

@: no status effects
A: talons 1, repulsion field 2, demonic guardian 1
a: no special abilities


You were on level 3 of the Dungeon.
You were hungry.

You visited 1 branch of the dungeon, and saw 4 of its levels.

You collected 157 gold pieces.

Inventory:

Hand Weapons
 a - a +0 war axe (weapon)
Armour
 b - a +0 scale mail (worn)
 c - a +0 shield (worn)
 h - a +0 helmet (worn)
 t - a +1 pair of boots (worn)
 y - a +2 robe of cold resistance
Jewellery
 q - an uncursed ring of ice
Wands
 p - a wand of paralysis (8)
 x - a wand of iceblast (11)
Scrolls
 g - a scroll of remove curse {unknown}
 i - a scroll of magic mapping {unknown}
 k - 3 scrolls of enchant weapon {unknown}
 n - 2 scrolls of identify {unknown}
 o - a scroll of blinking {unknown}
 s - a scroll of amnesia {unknown}
 v - a scroll of fear {unknown}
 w - 2 scrolls of teleportation {unknown}
Potions
 e - a potion of invisibility {unknown}
 j - a potion of ambrosia
 l - a potion of heal wounds
 m - a potion of magic {unknown}
 r - a potion of cancellation {unknown}
 u - 2 potions of curing
Comestibles
 d - 4 chunks of flesh
 f - 7 rations


   Skills:
 + Level 5.2 Fighting
 + Level 6.4 Axes
 + Level 5.0 Armour
 + Level 2.0 Dodging
 + Level 0.7 Stealth
 + Level 4.4 Shields


You had 7 spell levels left.
You didn't know any spells.
Your spell library was empty.

Dungeon Overview and Level Annotations

Branches:
Dungeon (4/15)
 Temple: D:4-7

Altars:
Cheibriados
Dithmenos
Ru
Trog
Wu Jian
Xom


Innate Abilities, Weirdness & Mutations

You have sharp toenails.
You are surrounded by a moderate repulsion field. (EV +3)
A weak demonic guardian rushes to your aid.


Message History

You block Pikel's attack.
You closely miss Pikel.
Pikel is almost dead.
Pikel hits you but does no damage.
You hit Pikel.
You kill Pikel!
Your Fighting skill increases to level 5!
Your Axes skill increases to level 6!
Your Armour skill increases to level 5!
Your Dodging skill increases to level 2!
You have reached level 8!
You feel agile.
Your demonic ancestry asserts itself...
You feel the presence of a demonic guardian.
With Pikel's spell broken, the former slaves thank you for their freedom.
You swap places.
x - a wand of iceblast (11)
Things that are here:
a +2 whip of freezing; a +2 robe of cold resistance the big kobold corpse of Pikel
y - a +2 robe of cold resistance Are you sure you want to abandon this character and quit the game? (Confirm

......##...#.#..#..#...##.#
......##...#.#..#K##...##.#
......######.#..#.p.p..##.#
......# #.#..#####..##.#
......######...........##.#
......+.............[>###.#
......##.#####.#.###### #.#
.............#.#.# #.#
#....#.#.....#.#@# #.#
#....#...#####.#.# #.#
#....#...'.....#p# #####.#
#....#...#######.# #.....#
#....#...# #.# #.#####
#....#...# #.# #.#
#....#...# ####.# #.#
#....#...# #<...# #.#
#....#...############.#


You could see a neutral freed slave (wandering).

Vanquished Creatures
  Pikel (D:3)
  Sigmund (D:2)
  Menkaure (D:4)
  Edmund (D:4)
  Duvessa (D:4)
  A slave (D:3)
  An ogre (D:4)
  Dowan (D:4)
  A bullfrog skeleton (D:4)
  A hound (D:4)
  An orc wizard (D:2)
  An iguana (D:4)
  A worker ant (D:4)
  8 adders
  An ooze (D:1)
  3 worms
  3 dart slugs
  4 leopard geckos
  16 orcs
  4 ball pythons
  2 giant cockroaches
  5 goblins
  8 hobgoblins
  3 jackals (D:4)
  6 bats
  3 frilled lizards
  A jackal zombie (D:2)
  10 kobolds
  A leopard gecko skeleton (D:2)
  A quokka skeleton (D:4)
  7 rats
  A plant (D:1)
100 creatures vanquished.

Notes
Turn   | Place    | Note
-------+----------+-------------------------------------------
     0 | D:1      | galech the Demonspawn Fighter began the quest for the Orb.
     0 | D:1      | Reached XP level 1. HP: 18/18 MP: 1/1
   179 | D:1      | Gained mutation: You are surrounded by a mild repulsion
                  | field. (EV +2) [demonic ancestry]
   179 | D:1      | Reached XP level 2. HP: 24/24 MP: 2/2
   289 | D:1      | Reached skill level 2 in Axes
   621 | D:1      | Gained mutation: You are surrounded by a moderate repulsion
                  | field. (EV +3) [demonic ancestry]
   621 | D:1      | Reached XP level 3. HP: 27/29 MP: 3/3
   944 | D:2      | Found a sacrificial altar of Ru.
   961 | D:2      | Reached XP level 4. HP: 31/35 MP: 4/4
  1061 | D:2      | Found a bloodstained altar of Trog.
  1132 | D:2      | Noticed Sigmund
  1164 | D:2      | Killed Sigmund
  1164 | D:2      | Reached skill level 3 in Axes
  1164 | D:2      | Reached skill level 1 in Dodging
  1164 | D:2      | Gained mutation: You have sharp toenails. [demonic
                  | ancestry]
  1164 | D:2      | Reached XP level 5. HP: 37/42 MP: 5/5
  1164 | D:2      | Reached XP level 6. HP: 42/48 MP: 6/6
  1369 | D:2      | Found a shimmering altar of Xom.
  1371 | D:2      | Found a snail-covered altar of Cheibriados.
  1371 | D:2      | Found a shattered altar of Ashenzari.
  1373 | D:2      | Found a shimmering altar of Xom.
  1373 | D:2      | Found a shadowy altar of Dithmenos.
  1373 | D:2      | Found an ornate altar of the Wu Jian Council.
  1879 | D:3      | Reached skill level 4 in Axes
  2351 | D:4      | Noticed Menkaure
  2361 | D:4      | HP: 2/48 [Menkaure (6)]
  2362 | D:4      | Killed Menkaure
  2759 | D:4      | Noticed Edmund
  2793 | D:4      | Killed Edmund
  2793 | D:4      | Reached skill level 5 in Axes
  2793 | D:4      | Reached XP level 7. HP: 10/54 MP: 7/7
  3049 | D:4      | Noticed Dowan
  3051 | D:4      | Noticed Duvessa
  3071 | D:4      | Killed Duvessa
  3079 | D:4      | Killed Dowan
  3382 | D:4      | Noticed Pikel
  3601 | D:3      | Killed Pikel
  3601 | D:3      | Reached skill level 5 in Fighting
  3601 | D:3      | Reached skill level 6 in Axes
  3601 | D:3      | Reached skill level 5 in Armour
  3601 | D:3      | Gained mutation: A weak demonic guardian rushes to your
                  | aid. [demonic ancestry]
  3601 | D:3      | Reached XP level 8. HP: 11/62 MP: 8/8
  3605 | D:3      | Quit the game

Vault maps used:
D:1:      matt_arrival_grand_opening, serial_forest, infiniplex_forest_zigzag_2,
          infiniplex_forest_clump_double, infiniplex_forest_lined_room_2,
          infiniplex_forest_straight_5, infiniplex_forest_lined_room_2,
          minmay_crystal_water
D:2:      nicolae_ru_great_annihilating_truth, bloody_trog, doesnt_xom_only_xom,
          uniq_sigmund
D:3:      chequers_serial_rivers_large_a
D:4:      first_ration, uniq_menkaure, uniq_edmund, uniq_duvessa, uniq_pikel,
          uniq_ijyb

Skill      XL: |  1  2  3  4  5  6  7 |
---------------+----------------------+-----
Axes           | 2 3 5 6 |  6.4
Armour         | 3 4 5 |  5.0
Shields        | 3 4 |  4.4
Dodging        | 1 2 |  2.0
Fighting       | 4 5 |  5.2
Stealth        | |  0.7

Action                   |  1- 3 |  4- 6 |  7- 9 || total
-------------------------+-------+-------+-------++-------
Melee: War axe           |   113 |   195 |    88 ||   396
       Kick              |       |    28 |       ||    28
  Use: Potion            |       |     3 |     1 ||     4
 Stab: Paralysed         |       |     1 |       ||     1
  Eat: Chunk             |       |     6 |     3 ||     9
Armor: Scale mail        |    50 |    57 |    53 ||   160
Dodge: Dodged            |    27 |    79 |    37 ||   143
Block: Shield            |    50 |    77 |    63 ||   190

Table legend:
 A = Non-vault XP
 B = Vault XP
 C = Vault XP percentage of total XP
 D = Non-vault monster count
 E = Vault monster count
 F = Vault count percentage of total count
                 A         B        C        D         E       F
            +---------+---------+-------+---------+---------+-------
      Total |     530 |    1506 |  74.0 |      88 |      10 |  10.2
            +---------+---------+-------+---------+---------+-------
        D:1 |      41 |       0 |   0.0 |      21 |       0 |   0.0
        D:2 |     102 |     279 |  73.2 |      22 |       5 |  18.5
        D:3 |      83 |     685 |  89.2 |      29 |       1 |   3.3
        D:4 |     304 |     542 |  64.1 |      16 |       4 |  20.0
            +---------+---------+-------+---------+---------+-------
